 Dungeon Crawl Stone Soup version 0.26.1-2-gb8aa6d0cf2 (webtiles) character file.

Game seed: 1911548832856762532

247 Gadfly the Covered (level 6, -1/38 HPs)
             Began as a Gargoyle Fighter on Feb 17, 2021.
             Was a Believer of Zin.
             Slain by a goblin (5 damage)
             ... led by Robin
             ... on level 3 of the Dungeon.
             The game lasted 00:07:31 (3606 turns).

Gadfly the Covered (Gargoyle Fighter)               Turns: 3606, Time: 00:07:32

Health: -1/38      AC: 17    Str: 22    XL:     6   Next: 11%
Magic:  7/7        EV:  5    Int:  8    God:    Zin [**....]
Gold:   180        SH:  9    Dex:  9    Spells: 5/5 levels left

rFire    . . .     SeeInvis .   a - +1 flail
rCold    . . .     Faith    .   c - +0 kite shield
rNeg     + . .     Spirit   .   i - +0 chain mail
rPois    ∞         Reflect  .   (no helmet)
rElec    +         Harm     .   p - +0 cloak
rCorr    .         Rampage  .   f - +1 pair of gloves
Will     .....                  (no boots)
Stlth    ..........             e - amulet of inaccuracy (curse)
HPRegen  0.12/turn              (no ring)
MPRegen  0.10/turn              (no ring)

@: no status effects
A: negative energy resistance 1, electricity resistance, unbreathing,
petrification resistance, miasma immunity, AC +4
a: Renounce Religion, Recite, Vitalisation, Donate Gold


You were on level 3 of the Dungeon.
You worshipped Zin.
Zin was pleased with you.
You visited 1 branch of the dungeon, and saw 3 of its levels.

You collected 200 gold pieces.
You donated 20 gold pieces to Zin.

Inventory:

Hand Weapons
 a - a +1 flail (weapon)
Armour
 c - a +0 kite shield (worn)
 f - a +1 pair of gloves (worn)
 i - a +0 chain mail (worn)
 p - a +0 cloak (worn)
Jewellery
 e - a cursed amulet of inaccuracy (around neck)
 k - an uncursed ring of ice
Scrolls
 h - 3 scrolls of enchant weapon
 l - 2 scrolls of remove curse {unknown}
 m - 2 scrolls of magic mapping {unknown}
 o - 2 scrolls of teleportation
Potions
 b - a potion of flight
 d - a potion of might
 g - 3 potions of curing
 j - a potion of attraction
 n - a potion of berserk rage
 q - a potion of cancellation
 r - 2 potions of lignification {unknown}


   Skills:
 + Level 3.9 Fighting
 * Level 3.3 Maces & Flails
 + Level 4.0 Armour
 + Level 3.9 Shields
 * Level 2.6 Invocations
 * Level 2.2 Evocations


You had 5 spell levels left.
You didn't know any spells.
Your spell library was empty.

Dungeon Overview and Level Annotations

Branches:
Dungeon (3/15)

Altars:
Qazlal
Zin

Annotations:
D:3 Robin


Innate Abilities, Weirdness & Mutations

You are resistant to torment.
Your stone body is resilient. (AC +4)
You are immune to poison.
You resist negative energy. (rN+)
You are resistant to electric shocks. (rElec)
You can survive without breathing.
You are immune to petrification.
You are immune to miasma.


Message History

The goblin hits you but does no damage.
Your chain mail prevents you from hitting the goblin.
You block the goblin's attack. The goblin hits you with a +0 dagger.
* * * LOW HITPOINT WARNING * * *
The goblin hits you but does no damage. x2; The goblin closely misses you.
You block the goblin's attack. The goblin barely misses you.
You miss the goblin. The goblin hits you.
* * * LOW HITPOINT WARNING * * *
The goblin barely misses you. The goblin hits you but does no damage.
Robin roars a battlecry!
The goblin hits you with a +0 dagger.
* * * LOW HITPOINT WARNING * * *
You block the goblin's attack. x2
You miss the goblin.
The goblin no longer looks unusually strong.
You block the goblin's attack. x2
Robin roars a battlecry!
The goblin goes into a battle-frenzy!
The goblin hits you but does no damage. x2; The goblin hits you.
You die...

...# #...........#....... ...
#........†..#######. ... ###
#####'#####.# #. ##.
##.##########.#####.#######.
.#####...#...).............).....
.......#..####.#.#.#.#.#.#######.
.#####...###...........#.# ####'
## ##.## #.#.##g##.###'# #.... #
#.# .....#@gg#..#... #.... #
#.#....#.ggg.+.##... #.... #
#.#......#g..#..#.... #.... #
#.##...#.##'##.##.... ####. .
...#.. . .. ## .. .. .# #.# #####
.## # .. ## '.... ## .. #####


You could see Robin and 6 goblins.

Vanquished Creatures
  A hound (D:2)
  Jessica (D:2)
  7 gnolls (D:3)
  4 adders
  An ooze (D:2)
  A dart slug (D:3)
  2 leopard geckos
  3 orcs (D:3)
  6 bats
  A giant cockroach (D:3)
  19 goblins
  10 hobgoblins
  2 jackals (D:1)
  11 kobolds
  2 quokkas
  A ball python (D:3)
  4 frilled lizards
  2 rats
78 creatures vanquished.

Notes
Turn   | Place    | Note
-------+----------+-------------------------------------------
     0 | D:1      | Gadfly the Gargoyle Fighter began the quest for the Orb.
     0 | D:1      | Reached XP level 1. HP: 14/14 MP: 1/1
   154 | D:1      | Reached XP level 2. HP: 18/19 MP: 2/2
   808 | D:1      | Reached skill level 1 in Invocations
  1028 | D:2      | Reached XP level 3. HP: 23/23 MP: 3/3
  1114 | D:2      | Noticed Jessica
  1125 | D:2      | Killed Jessica
  1126 | D:2      | Reached skill level 1 in Evocations
  1175 | D:2      | Reached XP level 4. HP: 24/28 MP: 5/5
  1690 | D:2      | Reached XP level 5. HP: 32/32 MP: 6/6
  3037 | D:3      | Reached XP level 6. HP: 21/38 MP: 7/7
  3262 | D:3      | Found a glowing silver altar of Zin.
  3265 | D:3      | Became a worshipper of Zin the Law-Giver
  3265 | D:3      | Reached * piety under Zin
  3396 | D:3      | Found a stormy altar of Qazlal.
  3409 | D:3      | Reached skill level 4 in Armour
  3509 | D:3      | Reached ** piety under Zin
  3568 | D:3      | Noticed Robin
  3606 | D:3      | Slain by a goblin

Illustrated notes

Levels and vault maps discovered:
D:1:      dpeg_arrival_solitude, layout_loops_ring
D:2:      cheibrodos_greedy_goblins, layout_basic, minmay_tetromino_i4,
          uniq_jessica
D:3:      layout_basic, zin_statuary, nzn_wu_jian_council_hall,
          grunt_qazlal_sundering, minmay_misc_feat_tower,
          minmay_misc_feat_doors, uniq_grinder, uniq_robin

Skill      XL: |  1  2  3  4  5  6 |
---------------+-------------------+-----
Invocations    | 1 2 |  2.6
Evocations     | 1 2 |  2.2
Maces & Flails | 3 |  3.3
Armour         | 4 |  4.0
Fighting       | |  3.9
Shields        | |  3.9

Action                   |  1- 3 |  4- 6 || total
-------------------------+-------+-------++-------
Melee: Flail             |   110 |   512 ||   622
  Use: Scroll            |     5 |     3 ||     8
       Potion            |     3 |     1 ||     4
Armor: Scale mail        |    29 |       ||    29
       Chain mail        |    40 |   491 ||   531
Dodge: Dodged            |    34 |   170 ||   204
Block: Kite shield       |    68 |   365 ||   433
